 Dungeon Crawl Stone Soup version 0.27.1-33-g824d729ab1 (webtiles) character file.

Game seed: 7119623471667862458

12807 13raion the Fighter (level 11, -7/162 HPs)
             Began as a Minotaur Berserker on Dec 5, 2021.
             Was a Priest of Trog.
             Killed from afar by a Hell Sentinel (34 damage)
             ... with damnation
             ... on level 1 of the Abyss.
             The game lasted 00:26:03 (12509 turns).

13raion the Fighter (Minotaur Berserker)           Turns: 12509, Time: 00:26:04

Health: -7/162     AC: 20    Str: 25    XL:     11   Next: 67%
Magic:  0/10       EV:  8    Int:  4    God:    Trog [***...]
Gold:   1362       SH:  0    Dex: 16    Spells: 10/10 levels left

rFire    . . .     SeeInvis .   v - +5 hand axe
rCold    . . .     Faith    .   (no shield)
rNeg     . . .     Spirit   +   B - +0 plate armour
rPois    .         Reflect  .   (helmet restricted)
rElec    .         Harm     .   k - +0 cloak
rCorr    .         Rampage  .   G - +1 pair of gloves
Will     ++...                  l - +0 pair of boots
Stlth    ..........             j - amulet of guardian spirit
HPRegen  1.37/turn              n - +6 ring of dexterity
MPRegen  0.12/turn              (no ring)

@: berserking, strong-willed, regenerating, very quick
A: horns 2, retaliatory headbutt
a: Renounce Religion, Berserk, Trog's Hand


You were on level 1 of the Abyss.
You worshipped Trog.
Trog was most pleased with you.
You visited 1 branch of the dungeon, and saw 10 of its levels.
You visited the Abyss 1 time.

You collected 1362 gold pieces.

Inventory:

Hand Weapons
 a - a +0 hand axe
 v - a +5 hand axe (weapon)
Missiles
 g - a throwing net (quivered)
Armour
 k - a +0 cloak (worn)
 l - a +0 pair of boots (worn)
 B - a +0 plate armour (worn)
 G - a +1 pair of gloves (worn)
Jewellery
 j - an amulet of guardian spirit (around neck)
 n - a +6 ring of dexterity (left hand)
 w - a ring of magical power
Wands
 b - a wand of iceblast (10)
 e - a wand of flame (11)
 u - a wand of acid (4)
 x - a wand of charming (12)
 y - a wand of mindburst (11)
 E - a wand of polymorph (8)
Scrolls
 f - 3 scrolls of blinking
 q - 2 scrolls of magic mapping
 s - 5 scrolls of identify
 t - 3 scrolls of fear
 F - 5 scrolls of teleportation
Potions
 c - 2 potions of flight
 d - a potion of ambrosia
 h - 2 potions of curing
 i - a potion of mutation
 o - a potion of resistance
 p - 2 potions of brilliance
 r - 3 potions of berserk rage
 z - a potion of might {unknown}
 A - a potion of lignification
 D - a potion of haste


   Skills:
 * Level 13.8 Fighting
 + Level 13.8 Axes
 + Level 11.2 Armour
 - Level 2.1 Dodging


You had 10 spell levels left.
You didn't know any spells.
Your spell library was empty.

Dungeon Overview and Level Annotations

Branches:
Dungeon (10/15)            Temple (0/1) D:5            Lair (0/6) D:8
    Orc: D:9-12

Altars:
Ashenzari
Dithmenos
Fedhas
Gozag
Hepliaklqana
Kikubaaqudgha
Ru
Trog
Uskayaw
Vehumet
Wu Jian
Yredelemnul

Shops:
D:5 *   D:7 *[*

Annotations:
D:10 Sonja


Innate Abilities, Weirdness & Mutations

You have a pair of horns on your head.
You reflexively headbutt those who attack you in melee.


Message History

You headbutt the Hell Sentinel, but do no damage.
The Hell Sentinel barely misses you.
You feel better.
The Hell Sentinel hits you but does no damage.
The Hell Sentinel hits you!
* * * LOW HITPOINT WARNING * * *
You feel better. The Hell Sentinel hits you!
* * * LOW HITPOINT WARNING * * *
The Hell Sentinel hits you.
* * * LOW HITPOINT WARNING * * *
Blink to where?
Press: ? - help, Dir - move target
As you read the scroll of blinking, it crumbles to dust.
You recover from your berserk rage.
Your skin crawls.
You feel strong-willed.
A red film seems to cover your vision as you go berserk!
You feel yourself moving faster!
You feel mighty! The Hell Sentinel hits you!
* * * LOW HITPOINT WARNING * * *
The Hell Sentinel hits you but does no damage.
You hit the Hell Sentinel but do no damage.
You hit the Hell Sentinel but do no damage.
The Hell Sentinel closely misses you. x2
You slash the Hell Sentinel!
You headbutt the Hell Sentinel, but do no damage.
The Hell Sentinel is lightly wounded.
You slash the Hell Sentinel!
The Hell Sentinel is lightly wounded.
You hit the Hell Sentinel but do no damage.
The Hell Sentinel is lightly wounded.
The Hell Sentinel misses you. You furiously retaliate!
You headbutt the Hell Sentinel. The Hell Sentinel hits you.
* * * LOW HITPOINT WARNING * * *
You hit the Hell Sentinel but do no damage.
The Hell Sentinel is lightly wounded.
You hit the Hell Sentinel.
The Hell Sentinel is moderately wounded.
The Hell Sentinel gestures at you.
The sphere of damnation explodes!
The damnation engulfs you!!
You die...

.. . .
##### #
#..@# #
#.#..1# #.
#...#. .
###
#.#.#.# #
#
.#.##.#..
#
#...######
# ..#
#.### ## #
#.#.# #.


You could see a Hell Sentinel.

Vanquished Creatures
  Gastronok (D:8)
  A two-headed ogre (D:9)
  A thrashing horror (Abyss:1)
  A skeletal warrior (D:9)
  A glowing orange brain (Abyss:1)
  A cyclops (D:7)
  Maurice (D:9)
  Psyche (D:9)
  A large abomination (Abyss:1)
  An ancient zyme (Abyss:1)
  A troll (D:9)
  A hornet (D:9)
  Grinder (D:3)
  A hydra skeleton (Abyss:1)
  A harpy skeleton (Abyss:1)
  Sigmund (D:2)
  4 wyverns
  A wraith (D:9)
  Eustachio (D:6)
  4 yaks (D:9)
  A basilisk (D:8)
  A steam dragon (D:10)
  3 water moccasins
  An acid dragon (D:9)
  An ice beast (D:6)
  5 orc warriors
  A sky beast (D:5)
  A black bear (D:8)
  2 necrophages (D:4)
  3 wolves (D:8)
  4 centaurs
  A phantom (D:4)
  Blork the orc (D:4)
  A kobold brigand (D:9)
  A gnoll sergeant (D:8)
  2 scorpions
  2 small abominations (Abyss:1)
  2 bullfrogs
  A water moccasin zombie (D:6)
  9 killer bees (D:10)
  11 wights
  A howler monkey (D:9)
  2 centaur zombies (D:8)
  A bullfrog zombie (D:7)
  5 hounds
  A jelly (D:7)
  2 bullfrog skeletons
  A centaur skeleton (D:7)
  5 orc priests
  Crazy Yiuf (D:3)
  Jessica (D:2)
  3 gnoll shamans
  Ijyb (D:5)
  Terence (D:3)
  3 iguanas
  10 orc wizards
  A killer bee zombie (D:9)
  2 howler monkey zombies (D:9)
  Robin (D:2)
  6 adders
  13 gnolls
  A howler monkey skeleton (D:4)
  A shadow imp (D:8)
  2 white imps
  An ufetubus (D:6)
  3 worms (D:2)
  2 dart slugs
  22 orcs
  7 ball pythons
  4 bats
  3 endoplasms
  6 giant cockroaches
  14 goblins
  15 hobgoblins
  3 jackals (D:2)
  16 kobolds
  2 quokkas
  6 frilled lizards
  6 rats
255 creatures vanquished.

Vanquished Creatures (others)
  A howler monkey skeleton (D:7)
  An orc (D:9)
  5 fungi
  5 plants (D:8)
12 creatures vanquished.

Grand Total: 267 creatures vanquished

Notes
Turn   | Place    | Note
-------+----------+-------------------------------------------
     0 | D:1      | 13raion the Minotaur Berserker began the quest for the Orb.
     0 | D:1      | Reached XP level 1. HP: 19/19 MP: 0/0
   200 | D:1      | Reached XP level 2. HP: 27/27 MP: 1/1
   849 | D:1      | Reached XP level 3. HP: 33/34 MP: 2/2
  1195 | D:2      | Reached ** piety under Trog
  1332 | D:2      | Noticed Robin
  1630 | D:2      | Reached skill level 5 in Axes
  1632 | D:2      | Reached XP level 4. HP: 41/41 MP: 3/3
  1639 | D:2      | Killed Robin
  1640 | D:2      | Reached skill level 5 in Fighting
  1821 | D:2      | Noticed Jessica
  1826 | D:2      | Killed Jessica
  1934 | D:2      | Found a faded altar of an unknown god.
  2068 | D:2      | Found an opulent altar of Gozag.
  2068 | D:2      | Noticed Sigmund
  2077 | D:2      | Killed Sigmund
  2078 | D:2      | Reached XP level 5. HP: 31/50 MP: 4/4
  2078 | D:2      | Reached XP level 6. HP: 35/57 MP: 5/5
  2654 | D:3      | Noticed Grinder
  2664 | D:3      | Killed Grinder
  3076 | D:3      | Noticed Terence
  3086 | D:3      | Killed Terence
  3191 | D:3      | Reached XP level 7. HP: 64/64 MP: 6/6
  3211 | D:3      | Found a runed translucent door.
  3212 | D:3      | Noticed Crazy Yiuf
  3541 | D:3      | Killed Crazy Yiuf
  3677 | D:4      | Reached *** piety under Trog
  3708 | D:4      | Noticed Blork the orc
  3713 | D:4      | Killed Blork the orc
  3817 | D:4      | Found a hazy altar of Hepliaklqana.
  4154 | D:4      | Found a basalt altar of Yredelemnul.
  4366 | D:4      | Reached XP level 8. HP: 70/74 MP: 7/7
  4395 | D:5      | Entered Level 5 of the Dungeon
  4398 | D:5      | Found a broken altar of Ashenzari.
  4647 | D:5      | Found an ancient bone altar of Kikubaaqudgha.
  4647 | D:5      | Found a shadowy altar of Dithmenos.
  4696 | D:5      | Noticed Ijyb
  4704 | D:5      | Killed Ijyb
  4867 | D:5      | Found Mabe's CLEARANCE SALE! EVERYTHING MUST GO!.
  5035 | D:5      | Found a staircase to the Ecumenical Temple.
  5442 | D:6      | Reached skill level 10 in Axes
  5682 | D:6      | Noticed Eustachio
  5688 | D:6      | Killed Eustachio
  5764 | D:6      | Reached **** piety under Trog
  5834 | D:6      | Found a hide-covered altar of Uskayaw.
  5842 | D:6      | Found an ornate altar of the Wu Jian Council.
  5846 | D:6      | Found a bloodstained altar of Trog.
  5942 | D:6      | Reached XP level 9. HP: 78/84 MP: 6/8
  6162 | D:6      | Found an opulent altar of Gozag.
  6251 | D:6      | Reached skill level 5 in Armour
  6675 | D:7      | Found Gilash's Assorted Antiques.
  6691 | D:7      | Reached skill level 10 in Fighting
  7334 | D:7      | Found Qaex's Antique Armour Boutique.
  7424 | D:7      | Found a sacrificial altar of Ru.
  7711 | D:7      | Found a blossoming altar of Fedhas.
  7714 | D:7      | Noticed a cyclops
  7724 | D:7      | Killed a cyclops
  7797 | D:7      | Found Paiv's General Store.
  8204 | D:8      | Found a sand-covered staircase.
  8256 | D:8      | Found a staircase to the Lair.
  8650 | D:8      | Reached XP level 10. HP: 96/96 MP: 9/9
  8951 | D:8      | Noticed Gastronok
  8996 | D:8      | Killed Gastronok
  9328 | D:8      | Found a radiant altar of Vehumet.
  9537 | D:9      | Noticed Psyche
  9544 | D:9      | Killed Psyche
 10048 | D:9      | Reached ***** piety under Trog
 10085 | D:9      | Reached XP level 11. HP: 96/106 MP: 8/10
 10178 | D:9      | Received a gift from Trog
 10392 | D:9      | Noticed a two-headed ogre
 10763 | D:9      | Noticed Maurice
 10774 | D:9      | Killed Maurice
 10775 | D:9      | Reached skill level 10 in Armour
 10979 | D:9      | Killed a two-headed ogre
 11350 | D:9      | Noticed a skeletal warrior
 11363 | D:9      | Killed a skeletal warrior
 11491 | D:10     | Entered Level 10 of the Dungeon
 11523 | D:10     | Identified a scroll of acquirement
 11523 | D:10     | Acquired 757 gold pieces
 11998 | D:10     | Noticed Sonja
 12004 | D:10     | Cast into level 1 of the Abyss (Sonja)
 12045 | Abyss:1  | Noticed a flayed ghost
 12128 | Abyss:1  | Noticed a glowing orange brain
 12142 | Abyss:1  | Killed a glowing orange brain
 12430 | Abyss:1  | Noticed a thrashing horror
 12439 | Abyss:1  | Killed a thrashing horror
 12486 | Abyss:1  | Noticed a Hell Sentinel
 12509 | Abyss:1  | Killed from afar by a Hell Sentinel

Illustrated notes

Levels and vault maps discovered:
D:1:      dpeg_arrival_court, layout_loops_corners, kennysheep_decorative_pillar
D:2:      layout_basic, basic_altar, shapermc_ecumenical_altar_pompeii,
          uniq_sigmund, uniq_robin, uniq_jessica
D:3:      layout_basic, uniq_grinder, uniq_terence, uniq_crazy_yiuf_cottage
D:4:      minmay_recursive_quarters, layout_cave_pools, amcnicky_altar_gilded,
          mainiacjoe_overflow_small_starburst, uniq_blork_the_orc
D:5:      layout_basic, grunt_temple_overflow_open, minmay_temple_entry_grid,
          chequers_serial_rivers_micro_d, nicolae_shop_clearance, uniq_ijyb
D:6:      layout_gridville, grunt_gozag_breadcrumbs,
          minmay_overflow_temple_star_quad, st_stairs_11, uniq_eustachio
D:7:      layout_basic, fedhas_altar_3, nicolae_ru_awakened_eye, serial_shops,
          shop, nicolae_shop_temple_entry_statues_fountains,
          nicolae_stop_n_shop_2, lemuel_flamethrower_2
D:8:      layout_basic, lemuel_crystal_altar, minmay_lair_entry_grove,
          nicolae_ossuary_entry_false_entrances, uniq_gastronok
D:9:      layout_layer_cave, grunt_tough_drop, uniq_maurice, uniq_psyche
D:10:     layout_stronghold, uniq_sonja
Abyss:1:  base: D:8, hangedman_abyss_or_decor_stabs

Skill      XL: |  1  2  3  4  5  6  7  8  9 10 11 |
---------------+----------------------------------+-----
Fighting       | 4 6 7 9 11 12 13 | 13.8
Axes           | 4 5 6 7 9 10 11 12 13 | 13.8
Armour         | 4 7 9 11 | 11.2
Dodging        | |  2.1

Action                   |  1- 3 |  4- 6 |  7- 9 | 10-12 || total
-------------------------+-------+-------+-------+-------++-------
Melee: Hand axe          |    84 |    67 |   273 |   266 ||   690
       Headbutt          |    16 |    10 |    76 |    87 ||   189
Invok: Berserk           |       |     2 |     2 |     8 ||    12
       Trog's Hand       |       |       |     2 |     8 ||    10
  Use: Scroll            |       |     5 |    11 |     6 ||    22
       Potion            |       |       |       |     6 ||     6
Armor: Animal skin       |    13 |     5 |       |       ||    18
       Robe              |       |     4 |       |       ||     4
       Scale mail        |       |     2 |   102 |       ||   104
       Plate armour      |       |       |     6 |   168 ||   174
Dodge: Dodged            |    71 |    41 |   155 |    92 ||   359
